| TOP OF THE 1ST |
|
San Diego (APP) Padres batting - Pitching for Ogden Raptors : RHP Austin Miller
|
|
Pitching: RHP Austin Miller
|
|
|
Batting: RHB Alex Collazo
|
0-0: Ball 1-0: Ball 2-0: Called Strike 2-1: Foul Ball, location: 2F 2-2: Ball 3-2: Base on Balls
|
|
Batting: RHB Brian Klinkner
|
0-0: Ball 1-0: Ball Alex Collazo steals 2nd base 2-0: Called Strike 2-1: Ball 3-1: Base on Balls
|
|
Batting: LHB Justin Daley
|
0-0: Ball 1-0: 3-RUN HOME RUN (Flyball, 89XD, EV 100.6 MPH) (Inside the Park)
|
|
Batting: RHB Adrian Cook
|
0-0: Called Strike 0-1: Ball 1-1: Ground out 3-1 (Groundball, 34, EV 86.9 MPH)
|
|
Batting: RHB Kevin Davis
|
0-0: Ball 1-0: Foul Ball, location: 2F 1-1: Ball 2-1: DOUBLE (Flyball, 8RXD, EV 91.9 MPH)
|
|
Batting: RHB Max Stillo
|
0-0: Ball Wild Pitch! Kevin Davis to third 1-0: Called Strike 1-1: Ball 2-1: Foul Ball, location: 2F 2-2: Ball 3-2: Strikes out swinging
|
|
Batting: RHB Ed Oake
|
0-0: Ball 1-0: Ball 2-0: Called Strike 2-1: Ball 3-1: Base on Balls
|
|
Batting: LHB Gary Corrales
|
0-0: Ball 1-0: Ground out 4-3 (Groundball, 34, EV 103.1 MPH)
|
| Top of the 1st over - 3 runs, 2 hits, 0 errors, 2 left on base; San Diego (APP) 3 - Ogden 0 |
| BOTTOM OF THE 1ST |
|
Ogden Raptors batting - Pitching for San Diego (APP) Padres : RHP Phil Rankin
|
|
Pitching: RHP Phil Rankin
|
|
|
Batting: SHB Javy Franco
|
0-0: Ball 1-0: Ball 2-0: Ball 3-0: Base on Balls
|
|
Batting: SHB Alex Noval
|
0-0: Called Strike 0-1: Ball 1-1: Ball 2-1: Foul Ball, location: 2F 2-2: Ball 3-2: Foul Ball, location: 2F 3-2: Base on Balls Javy Franco to second
|
|
Batting: RHB Adam Maczko
|
0-0: Swinging Strike 0-1: Fly out, F8 (Flyball, 8RS, EV 95.6 MPH)
|
|
Batting: LHB Pedro Garza
|
0-0: 3-RUN HOME RUN (Flyball, 9LD, EV 95.0 MPH), Distance : 336 ft
|
|
Batting: RHB Juan Gallegos
|
0-0: Called Strike 0-1: DOUBLE (Line Drive, 8RXD, EV 105.6 MPH)
|
|
Batting: RHB Brad Brady
|
0-0: Ball 1-0: SINGLE (Flyball, 5D, EV 84.4 MPH) Juan Gallegos to third
|
|
Batting: SHB Jesus Gomez
|
0-0: Called Strike 0-1: Ball 1-1: Swinging Strike 1-2: Ball 2-2: Ball 3-2: Base on Balls Brad Brady to second
|
|
Batting: RHB Kekoa Kahele
|
0-0: Ball 1-0: Ball 2-0: SINGLE (Line Drive, 8RS, EV 109.4 MPH) Juan Gallegos scores Brad Brady to third Jesus Gomez to second Runner from 3rd tries for Home, SAFE, throw by CF to home
|
|
Pitching: RHP Danny Araiza
|
|
|
Batting: RHB Will Barksdale
|
0-0: Ball 1-0: Foul Ball, location: 2F 1-1: Ball 2-1: Ball 3-1: Foul Ball, location: 2F 3-2: Foul Ball, location: 2F 3-2: Foul Ball, location: 2F 3-2: Foul Ball, location: 2F 3-2: Fly out, F8 (Flyball, 8RM, EV 94.4 MPH)
|
|
Batting: SHB Javy Franco
|
0-0: Ball 1-0: Ball 2-0: Swinging Strike 2-1: Swinging Strike 2-2: Ball 3-2: 3-RUN HOME RUN (Flyball, 9LD, EV 90.6 MPH), Distance : 344 ft
|
|
Batting: SHB Alex Noval
|
0-0: Ball 1-0: Ball 2-0: DOUBLE (Line Drive, 89D, EV 106.2 MPH)
|
|
Batting: RHB Adam Maczko
|
0-0: Called Strike 0-1: Foul Ball, location: 2F 0-2: Foul Ball, location: 2F 0-2: Ball 1-2: Ground out 6-3 (Groundball, 6, EV 91.2 MPH)
|
| Bottom of the 1st over - 8 runs, 6 hits, 0 errors, 1 left on base; San Diego (APP) 3 - Ogden 8 |
| TOP OF THE 2ND |
|
San Diego (APP) Padres batting - Pitching for Ogden Raptors : RHP Austin Miller
|
|
Batting: RHB Gabriel Diaz
|
0-0: Called Strike 0-1: Foul Ball, location: 2F 0-2: Ground out 6-3 (Groundball, 6, EV 83.1 MPH)
|
|
Batting: RHB Alex Collazo
|
0-0: Ball 1-0: Called Strike 1-1: Ground out U3 (Groundball, 34S, EV 83.1 MPH)
|
|
Batting: RHB Brian Klinkner
|
0-0: Ball 1-0: DOUBLE (Flyball, 78XD, EV 96.9 MPH)
|
|
Batting: LHB Justin Daley
|
0-0: Foul Ball, location: 2F 0-1: Foul Ball, location: 2F 0-2: SINGLE (Groundball, 4D, EV 109.4 MPH) Brian Klinkner to third
|
|
Batting: RHB Adrian Cook
|
0-0: Ground out 4-3 (Groundball, 4MS, EV 79.4 MPH)
|
| Top of the 2nd over - 0 runs, 2 hits, 0 errors, 2 left on base; San Diego (APP) 3 - Ogden 8 |
| BOTTOM OF THE 2ND |
|
Ogden Raptors batting - Pitching for San Diego (APP) Padres : RHP Danny Araiza
|
|
Batting: LHB Pedro Garza
|
0-0: Swinging Strike 0-1: Foul Ball, location: 2F 0-2: Strikes out looking
|
|
Batting: RHB Juan Gallegos
|
0-0: SOLO HOME RUN (Flyball, 7D, EV 99.4 MPH), Distance : 389 ft
|
|
Pitching: LHP Cory Watson
|
|
|
Batting: RHB Brad Brady
|
0-0: SINGLE (Line Drive, 78S, EV 106.2 MPH)
|
|
Batting: SHB Jesus Gomez
|
0-0: Foul Ball, location: 2F 0-1: Ball 1-1: Foul Ball, location: 2F 1-2: Fly out, F7 (Flyball, 7LD, EV 101.2 MPH)
|
|
Batting: RHB Kekoa Kahele
|
0-0: Ball 1-0: Ball 2-0: Ground out 6-3 (Groundball, 6S, EV 66.9 MPH)
|
| Bottom of the 2nd over - 1 run, 2 hits, 0 errors, 1 left on base; San Diego (APP) 3 - Ogden 9 |
| TOP OF THE 3RD |
|
San Diego (APP) Padres batting - Pitching for Ogden Raptors : RHP Austin Miller
|
|
Batting: RHB Kevin Davis
|
0-0: Ball 1-0: Ground out 4-3 (Groundball, 4, EV 81.2 MPH)
|
|
Batting: RHB Max Stillo
|
0-0: Called Strike 0-1: Called Strike 0-2: Foul Ball, location: 2F 0-2: Foul Ball, location: 2F 0-2: Foul Ball, location: 2F 0-2: Fly out, F7 (Flyball, 7, EV 85.0 MPH)
|
|
Batting: RHB Ed Oake
|
0-0: Swinging Strike 0-1: Ball 1-1: Swinging Strike 1-2: Ball 2-2: Strikes out swinging
|
| Top of the 3rd over - 0 runs, 0 hits, 0 errors, 0 left on base; San Diego (APP) 3 - Ogden 9 |
| BOTTOM OF THE 3RD |
|
Ogden Raptors batting - Pitching for San Diego (APP) Padres : LHP Cory Watson
|
|
Batting: RHB Will Barksdale
|
0-0: Called Strike 0-1: Ball 1-1: Called Strike 1-2: Strikes out swinging
|
|
Batting: SHB Javy Franco
|
0-0: Called Strike 0-1: Ball 1-1: Ball 2-1: Ball 3-1: Swinging Strike 3-2: Base on Balls
|
|
Batting: SHB Alex Noval
|
0-0: Swinging Strike 0-1: Ball 1-1: Foul Ball, location: 2F 1-2: Ball 2-2: Foul Ball, location: 2F 2-2: Fielders Choice at 2nd, 5-4 (Groundball, 56, EV 87.5 MPH)
|
|
Batting: RHB Adam Maczko
|
0-0: Ball Alex Noval is caught stealing 2nd base 2-4
|
| Bottom of the 3rd over - 0 runs, 0 hits, 0 errors, 0 left on base; San Diego (APP) 3 - Ogden 9 |
| TOP OF THE 4TH |
|
San Diego (APP) Padres batting - Pitching for Ogden Raptors : RHP Austin Miller
|
|
Batting: LHB Gary Corrales
|
0-0: Ball 1-0: Ball 2-0: Ground out 1-3 (Groundball, 15S, EV 75.6 MPH)
|
|
Batting: RHB Gabriel Diaz
|
0-0: Called Strike 0-1: Ball 1-1: Ball 2-1: Ball 3-1: DOUBLE (Groundball, 5L, EV 94.4 MPH)
|
|
Batting: RHB Alex Collazo
|
0-0: Called Strike 0-1: Swinging Strike 0-2: Foul Ball, location: 2F 0-2: Ball 1-2: Foul Ball, location: 2F 1-2: SINGLE (Line Drive, 6MD, EV 96.9 MPH) Gabriel Diaz to third Runner from 3rd tries for Home, SAFE, throw by CF to home
|
|
Batting: RHB Brian Klinkner
|
0-0: Called Strike 0-1: Ball Alex Collazo is caught stealing 2nd base 2-4 1-1: Called Strike 1-2: Ball 2-2: Fly out, F6 (Popup, 6, EV 70.6 MPH)
|
| Top of the 4th over - 1 run, 2 hits, 0 errors, 0 left on base; San Diego (APP) 4 - Ogden 9 |
| BOTTOM OF THE 4TH |
|
Ogden Raptors batting - Pitching for San Diego (APP) Padres : LHP Cory Watson
|
|
Batting: RHB Adam Maczko
|
0-0: Called Strike 0-1: Foul Ball, location: 2F 0-2: Strikes out swinging
|
|
Batting: LHB Pedro Garza
|
0-0: Swinging Strike 0-1: Ball 1-1: Ground out 4-3 (Groundball, 4, EV 85.6 MPH)
|
|
Batting: RHB Juan Gallegos
|
0-0: Ball 1-0: Foul Ball, location: 2F 1-1: Ball 2-1: Ball 3-1: Foul Ball, location: 2F 3-2: Strikes out swinging
|
| Bottom of the 4th over - 0 runs, 0 hits, 0 errors, 0 left on base; San Diego (APP) 4 - Ogden 9 |
| TOP OF THE 5TH |
|
San Diego (APP) Padres batting - Pitching for Ogden Raptors : RHP Austin Miller
|
|
Batting: LHB Justin Daley
|
0-0: Ball 1-0: SOLO HOME RUN (Flyball, 9LD, EV 93.8 MPH), Distance : 338 ft
|
|
Pitching: RHP Bart Bell
|
|
|
Batting: RHB Adrian Cook
|
0-0: Ball 1-0: Called Strike 1-1: Ball 2-1: Foul Ball, location: 2F 2-2: Ball 3-2: Foul Ball, location: 2F 3-2: Strikes out swinging
|
|
Batting: RHB Kevin Davis
|
0-0: Ball 1-0: Called Strike 1-1: Ground out 5-3 (Groundball, 56, EV 83.8 MPH)
|
|
Batting: RHB Max Stillo
|
0-0: Ball 1-0: Ground out 6-3 (Groundball, 6, EV 102.5 MPH)
|
| Top of the 5th over - 1 run, 1 hit, 0 errors, 0 left on base; San Diego (APP) 5 - Ogden 9 |
| BOTTOM OF THE 5TH |
|
Ogden Raptors batting - Pitching for San Diego (APP) Padres : LHP Cory Watson
|
|
Batting: RHB Brad Brady
|
0-0: Foul Ball, location: 2F 0-1: Fly out, F7 (Flyball, 7, EV 86.2 MPH)
|
|
Batting: SHB Jesus Gomez
|
0-0: Called Strike 0-1: Foul Ball, location: 2F 0-2: Ball 1-2: Ball 2-2: Ball 3-2: Strikes out looking
|
|
Batting: RHB Kekoa Kahele
|
0-0: Ground out U3 (Groundball, 34, EV 81.9 MPH)
|
| Bottom of the 5th over - 0 runs, 0 hits, 0 errors, 0 left on base; San Diego (APP) 5 - Ogden 9 |
| TOP OF THE 6TH |
|
San Diego (APP) Padres batting - Pitching for Ogden Raptors : RHP Bart Bell
|
|
Batting: RHB Ed Oake
|
0-0: Ball 1-0: Foul Ball, location: 2F 1-1: Ball 2-1: Called Strike 2-2: Strikes out swinging
|
|
Batting: LHB Gary Corrales
|
0-0: Ball 1-0: SOLO HOME RUN (Flyball, 9D, EV 96.2 MPH), Distance : 386 ft
|
|
Batting: RHB Gabriel Diaz
|
0-0: Ground out 6-3 (Groundball, 6, EV 81.9 MPH)
|
|
Batting: RHB Alex Collazo
|
0-0: Ball 1-0: Ball 2-0: Foul Ball, location: 2F 2-1: Foul Ball, location: 2F 2-2: Foul Ball, location: 2F 2-2: Foul Ball, location: 2F 2-2: Ball 3-2: SINGLE (Groundball, 6MS, EV 67.5 MPH) (infield hit)
|
|
Pitching: RHP Francisco Guzman
|
|
|
Batting: RHB Brian Klinkner
|
0-0: Ball 1-0: Ball 2-0: Called Strike 2-1: Called Strike 2-2: Foul Ball, location: 2F 2-2: Ball 3-2: Strikes out looking
|
| Top of the 6th over - 1 run, 2 hits, 0 errors, 1 left on base; San Diego (APP) 6 - Ogden 9 |
| BOTTOM OF THE 6TH |
|
Ogden Raptors batting - Pitching for San Diego (APP) Padres : LHP Cory Watson
|
|
Batting: RHB Will Barksdale
|
0-0: Swinging Strike 0-1: Ball 1-1: Foul Ball, location: 2F 1-2: Ball 2-2: Ball 3-2: Strikes out swinging
|
|
Pitching: LHP Ricardo de la Torre
|
|
|
Batting: SHB Javy Franco
|
0-0: Foul Ball, location: 2F 0-1: Ball 1-1: Ball 2-1: Foul Ball, location: 2F 2-2: Ball 3-2: SINGLE (Groundball, 4MD, EV 101.9 MPH)
|
|
Batting: SHB Alex Noval
|
0-0: Called Strike 0-1: Foul Ball, location: 2F 0-2: Strikes out swinging
|
|
Batting: RHB Adam Maczko
|
0-0: Swinging Strike 0-1: Ball 1-1: Ball 2-1: Foul Ball, location: 2F 2-2: Foul Ball, location: 2F 2-2: Foul Ball, location: 2F 2-2: Ball 3-2: Foul Ball, location: 2F 3-2: Strikes out swinging
|
| Bottom of the 6th over - 0 runs, 1 hit, 0 errors, 1 left on base; San Diego (APP) 6 - Ogden 9 |
| TOP OF THE 7TH |
|
San Diego (APP) Padres batting - Pitching for Ogden Raptors : RHP Francisco Guzman
|
|
Batting: LHB Justin Daley
|
0-0: Ball 1-0: Swinging Strike 1-1: Called Strike 1-2: Ball 2-2: Ball 3-2: Foul Ball, location: 2F 3-2: SOLO HOME RUN (Flyball, 8LXD, EV 113.8 MPH), Distance : 448 ft
|
|
Batting: RHB Adrian Cook
|
0-0: Ball 1-0: Ball 2-0: Ground out 6-3 (Groundball, 56, EV 88.8 MPH)
|
|
Batting: RHB Kevin Davis
|
0-0: Ball 1-0: SOLO HOME RUN (Line Drive, 7D, EV 97.5 MPH), Distance : 395 ft
|
|
Batting: RHB Max Stillo
|
0-0: DOUBLE (Line Drive, 9LS, EV 89.4 MPH)
|
|
Batting: RHB Ed Oake
|
0-0: Ball 1-0: Ball 2-0: Called Strike 2-1: Ball 3-1: Foul Ball, location: 2F 3-2: Foul Ball, location: 2F 3-2: Strikes out swinging
|
|
Batting: LHB Gary Corrales
|
0-0: Ball 1-0: Called Strike 1-1: Ball 2-1: Ball 3-1: Swinging Strike 3-2: Foul Ball, location: 2F 3-2: Strikes out swinging
|
| Top of the 7th over - 2 runs, 3 hits, 0 errors, 1 left on base; San Diego (APP) 8 - Ogden 9 |
| BOTTOM OF THE 7TH |
|
Ogden Raptors batting - Pitching for San Diego (APP) Padres : LHP Ricardo de la Torre
|
|
Batting: RHB David Watkins
|
0-0: Called Strike 0-1: Ball 1-1: DOUBLE (Line Drive, 89XD, EV 107.5 MPH)
|
|
Batting: RHB Juan Gallegos
|
0-0: Ball 1-0: Ball 2-0: Swinging Strike 2-1: Foul Ball, location: 2F 2-2: Strikes out swinging
|
|
Batting: RHB Brad Brady
|
0-0: Ball 1-0: Fly out, F4 (Popup, 4MD, EV 50.6 MPH)
|
|
Batting: SHB Jesus Gomez
|
0-0: Ball 1-0: Called Strike 1-1: Foul Ball, location: 2F 1-2: Ground out 4-3 (Groundball, 4, EV 81.2 MPH)
|
| Bottom of the 7th over - 0 runs, 1 hit, 0 errors, 1 left on base; San Diego (APP) 8 - Ogden 9 |
| TOP OF THE 8TH |
|
San Diego (APP) Padres batting - Pitching for Ogden Raptors : RHP Francisco Guzman
|
|
Pinch Hitting: RHB Eric McMillian
|
0-0: SINGLE (Line Drive, 9LM, EV 91.2 MPH)
|
|
Pitching: RHP Bill Dyck
|
|
|
Batting: RHB Alex Collazo
|
0-0: Swinging Strike Passed Ball! Eric McMillian to second 0-1: Fly out, F8 (Flyball, 89D, EV 93.8 MPH) Runner from 2nd tags up, SAFE at 3rd, no throw by CF
|
|
Batting: RHB Brian Klinkner
|
0-0: Ball 1-0: Called Strike 1-1: Reached on error, E5 (Groundball, 56S, EV 78.8 MPH) Eric McMillian scores
|
|
Batting: LHB Justin Daley
|
0-0: Called Strike 0-1: Fielders Choice at 2nd, 4-6 (Groundball, 4, EV 82.5 MPH)
|
|
Batting: RHB Adrian Cook
|
0-0: Called Strike 0-1: Foul Ball, location: 2F 0-2: Ball 1-2: Fly out, F3 (Popup, 3F, EV 71.2 MPH)
|
| Top of the 8th over - 1 run, 1 hit, 1 error, 1 left on base; San Diego (APP) 9 - Ogden 9 |
| BOTTOM OF THE 8TH |
|
Ogden Raptors batting - Pitching for San Diego (APP) Padres : LHP Ricardo de la Torre
|
|
Now in CF: Antonio Martinez
|
|
|
Batting: RHB Kekoa Kahele
|
0-0: Ball 1-0: Ball 2-0: Swinging Strike 2-1: Foul Ball, location: 2F 2-2: Strikes out looking
|
|
Batting: RHB Will Barksdale
|
0-0: Ball 1-0: Ball 2-0: Called Strike 2-1: Ball 3-1: Foul Ball, location: 2F 3-2: SINGLE (Groundball, 6MD, EV 95.6 MPH)
|
|
Pitching: RHP Dave Waterman
|
|
|
Batting: SHB Javy Franco
|
0-0: Ball 1-0: Bunted foul 1-1: Ball 2-1: Bunt missed! 2-2: Foul Ball, location: 2F 2-2: Ball 3-2: DOUBLE (Line Drive, 78M, EV 105.6 MPH) Will Barksdale to third Runner from 3rd tries for Home, SAFE, throw by LF to trailing runner, SAFE at third!
|
|
Batting: SHB Alex Noval
|
0-0: Ball 1-0: Ball Wild Pitch! Javy Franco scores 2-0: Foul Ball, location: 2F 2-1: Called Strike 2-2: Strikes out swinging
|
|
Batting: RHB Adam Maczko
|
0-0: Ball 1-0: Called Strike 1-1: Swinging Strike 1-2: Foul Ball, location: 2F 1-2: Ball 2-2: Foul Ball, location: 2F 2-2: Foul Ball, location: 2F 2-2: Strikes out swinging
|
| Bottom of the 8th over - 2 runs, 2 hits, 0 errors, 0 left on base; San Diego (APP) 9 - Ogden 11 |
| TOP OF THE 9TH |
|
San Diego (APP) Padres batting - Pitching for Ogden Raptors : RHP Bill Dyck
|
|
Pitching: RHP Mike Barnhill
|
|
|
Now at 1B: Jason Todd
|
|
|
Now in LF: Fernão Manta
|
|
|
Now in RF: Kekoa Kahele
|
|
|
Batting: RHB Kevin Davis
|
0-0: Called Strike 0-1: Foul Ball, location: 2F 0-2: Strikes out looking
|
|
Batting: RHB Max Stillo
|
0-0: Called Strike 0-1: Ball 1-1: Foul Ball, location: 2F 1-2: Ball 2-2: Foul Ball, location: 2F 2-2: Fly out, F3 (Popup, 3F, EV 64.4 MPH)
|
|
Batting: RHB Ed Oake
|
0-0: Ball 1-0: Foul Ball, location: 2F 1-1: Swinging Strike 1-2: Ground out 6-3 (Groundball, 6, EV 100.0 MPH)
|
| Top of the 9th over - 0 runs, 0 hits, 0 errors, 0 left on base; San Diego (APP) 9 - Ogden 11 |
|